Map: Port Aleksander LE

Players

Keen

  • Race: Terran Terran
  • Spawn Location: 11:00

Ragnarok (SHIN) - Winner!

  • Race: Zerg Zerg
  • Spawn Location: 5:00

Event: IEM Season 13: Katowice (2019)

VOD

Have the link to the VOD?

Description

Time

  • Played on: Feb. 25, 2019, 7:01 a.m.
  • Length: 18:10

All games in this series

Show
View Real Time Build Order
Export as new Build Order

Keen Terran 

Build Orders: Hellion Opening 

Get SALT Encoding   

  12  0:00  SCV  
  13  0:12  SCV  
  14  0:17  Supply Depot  
  14  0:24  SCV  
  15  0:29  Refinery  
  15  0:39  SCV  
  16  0:45  Barracks  
  16  0:51  SCV  
  17  1:03  SCV  
  18  1:15  SCV  
  19  1:32  Orbital Command, Reaper  
  20  1:43  Command Center  
  20  1:54  Factory  
  20  1:57  SCV  
  21  2:06  Refinery  
  21  2:07  Barracks Reactor  
  21  2:10  SCV  
  22  2:15  Supply Depot  
  22  2:22  SCV  
  23  2:37  SCV  
  23  2:42  Starport  
  24  2:46  Hellion  
  24  2:47  Hellion  
  24  2:49  SCV  
  29  2:56  Orbital Command  
  29  3:01  SCV  
  30  3:08  Hellion  
  30  3:11  Hellion  
  34  3:13  SCV  
  35  3:20  Viking  
  35  3:22  SCV  
  35  3:27  Supply Depot  
  38  3:30  SCV  
  39  3:34  SCV  
  39  3:38  Hellion  
  39  3:39  Hellion  
  44  3:42  SCV  
  44  3:46  SCV  
  46  3:51  Medivac  
  48  3:58  SCV  
  48  4:01  Hellion x2  
  51  4:03  Barracks Tech Lab  
  49  4:14  SCV  
  47  4:19  Command Center  
  47  4:21  SCV  
  47  4:23  Supply Depot  
  46  4:26  SCV  
  46  4:27  Hellion  
  46  4:28  Hellion  
  51  4:34  Marine, Stimpack  
  52  4:38  SCV  
  52  4:39  SCV  
  54  4:47  Supply Depot  
  54  4:51  SCV  
  54  4:52  Marine, SCV  
  57  4:56  Barracks x2  
  57  4:59  Factory Reactor  
  57  5:02  Starport Reactor  
  57  5:03  SCV  
  57  5:04  SCV  
  59  5:15  Engineering Bay x2  
  59  5:16  Marine  
  60  5:24  SCV  
  60  5:26  Refinery  
  60  5:27  Refinery  
  61  5:34  Marine  
  56  5:36  SCV  
  56  5:37  Orbital Command  
  56  5:41  Medivac x2  
  61  5:45  Barracks x2  
  61  5:46  Terran Infantry Weapons Level 1, Factory Reactor  
  61  5:47  Terran Infantry Armor Level 1  
  61  5:48  SCV x2  
  63  5:52  Marine x2  
  63  5:56  Marine  
  61  6:00  SCV x2  
  61  6:04  Marine x2, SCV  
  61  6:10  Marine  
  64  6:11  Supply Depot  
  64  6:12  Supply Depot, Marine  
  64  6:14  Marine, SCV x2  
  68  6:20  SCV  
  68  6:22  Marine x2  
  68  6:23  Widow Mine x2  
  75  6:29  SCV  
  75  6:31  Marine  
  75  6:32  Marine  
  78  6:33  Barracks Reactor x2  
  78  6:35  Supply Depot  
  78  6:39  Orbital Command  
  78  6:41  Marine x2, Combat Shield  
  78  6:44  SCV x2  
  78  6:46  Supply Depot  
  82  6:47  Supply Depot  
  82  6:48  Medivac  
  82  6:50  Widow Mine x2  
  82  6:53  Marine x2  
  90  6:56  SCV x2  
  90  6:59  Marine  
  90  7:00  Marine x2  
  95  7:04  SCV  
  95  7:08  Armory, SCV x2  
  96  7:09  Supply Depot  
  100  7:15  Widow Mine  
  100  7:16  SCV  
  100  7:19  Widow Mine  
  100  7:20  SCV  
  104  7:23  Marine x6  
  104  7:27  Medivac  
  112  7:30  SCV x2  
  112  7:37  Supply Depot, Widow Mine  
  112  7:38  Supply Depot  
  112  7:41  Widow Mine, Marine  
  112  7:42  Marine x2  
  119  7:48  Factory  
  119  7:49  SCV x3  
  119  7:51  Medivac  
  124  7:59  Widow Mine  
  124  8:01  Supply Depot, Marine x2  
  124  8:02  Supply Depot  
  124  8:04  Marine  
  129  8:08  Terran Infantry Armor Level 2, Terran Infantry Weapons Level 2  
  127  8:13  Widow Mine  
  127  8:17  Medivac  
  127  8:19  Marine x2  
  129  8:20  Marine, Widow Mine  
  129  8:21  Medivac  
  129  8:23  Marine  
  135  8:29  Terran Vehicle And Ship Armor Level 1  
  135  8:31  Supply Depot  
  135  8:32  Marine x5, Supply Depot  
  135  8:33  Supply Depot  
  140  8:37  Marine x2  
  140  8:38  Marine  
  140  8:41  Marine  
  144  8:45  Widow Mine x2  
  144  8:46  Factory Tech Lab  
  148  8:49  Marine  
  148  8:53  Marine  
  147  8:57  Marine  
  147  8:58  Marine  
  147  8:59  Marine x2  
  147  9:00  Marine  
  147  9:01  Marine  
  134  9:06  Widow Mine  
  134  9:09  Marine, Barracks  
  135  9:10  Barracks  
  135  9:11  Barracks  
  135  9:13  Medivac  
  135  9:14  Medivac  
  133  9:18  Drilling Claws  
  133  9:22  Command Center  
  133  9:24  Marine x3  
  130  9:25  Marine  
  130  9:27  Widow Mine x2  
  138  9:35  Widow Mine  
  138  9:38  Marine x3, Concussive Shells  
  143  9:41  Marine  
  144  9:49  Widow Mine, Medivac x2  
  144  9:52  Widow Mine, Marauder  
  154  9:53  Marine  
  154  9:57  Widow Mine, Marine x2  
  159  10:07  Barracks Tech Lab x3  
  157  10:10  Widow Mine, Marine x3  
  157  10:14  Marine, Marauder  
  157  10:15  Marine x2  
  157  10:16  Marine x2  
  157  10:17  Widow Mine  
  157  10:19  Medivac x2  
  168  10:27  Marauder  
  168  10:28  Marine x3  
  171  10:32  Refinery, Marine  
  171  10:33  Refinery  
  171  10:35  Marauder  
  176  10:37  Planetary Fortress  
  176  10:39  Widow Mine  
  178  10:42  Marine  
  178  10:43  Marine x3, Marauder  
  184  10:54  Terran Infantry Weapons Level 3  
  184  10:57  Marine, Marauder  
  186  11:01  Marine x2  
  186  11:02  Marine  
  188  11:11  Command Center  
  188  11:14  Widow Mine x2  
  188  11:15  Terran Infantry Armor Level 3  
  186  11:24  Starport  
  186  11:25  Refinery x2  
  186  11:26  Starport  
  163  11:32  Marine x2  
  163  11:33  Marine x3, Marauder x2  
  163  11:35  Marine x4  
  163  11:38  SCV x3  
  177  11:41  SCV  
  180  11:47  Widow Mine  
  180  11:48  Widow Mine x2  
  184  11:58  Marine x2  
  184  11:59  Marauder x2  
  189  12:09  Marine x6, Marauder x2  
  199  12:16  Marine  
  200  12:27  Terran Ship Weapons Level 1, Ghost Academy  
  200  12:29  Armory, SCV  
  199  12:33  Command Center  
  199  12:34  Marine x2  
  199  12:36  Marauder  
  200  12:43  Marine x2  
  200  12:44  Marauder  
  199  12:45  Marauder  
  190  12:52  Marine x2  
  190  12:53  Marine x2  
  190  12:54  Marine x2, Marauder  
  190  12:58  Marauder  
  191  13:01  Marine x2  
  191  13:05  Marauder  
  195  13:06  Marauder  
  195  13:10  Marine x2  
  195  13:11  Marine  
  200  13:14  Marine  
  184  13:20  Widow Mine x2  
  177  13:33  Viking x4  
  160  13:37  Marine  
  143  13:45  Marine x4  
  143  13:46  Planetary Fortress, Marauder  
  134  13:57  Marine  
  134  13:58  Marine x2, Marauder  
  134  13:59  Marine x2  
  137  14:03  Viking x2  
  138  14:14  Viking x2  
  138  14:16  Marine x4, Marauder  
  148  14:31  Terran Ship Weapons Level 2  
  148  14:32  Terran Vehicle And Ship Armor Level 2  
  148  14:33  Viking, Medivac  
  146  14:39  Marine, Marauder x3  
  146  14:42  Widow Mine  
  146  14:44  Medivac  
  157  14:48  Sensor Tower  
  157  15:00  Medivac  
  157  15:02  Medivac  
  157  15:03  Widow Mine x2  
  159  15:08  Marine, Marauder  
  148  15:25  Viking x2  
  148  15:28  Marine x7, Marauder x2  
  151  15:29  Widow Mine  
  151  15:30  Widow Mine  
  151  15:32  Marine, Marauder  
  151  15:33  Marauder  
  160  15:41  Widow Mine  
  160  15:42  Medivac x2  
  166  15:49  Marine x4, Marauder  
  174  15:50  Marauder  
  174  15:51  Widow Mine  
  174  15:54  Marauder  
  177  15:59  Marine x2  
  177  16:00  Marauder  
  177  16:01  Viking x2  
  175  16:06  Widow Mine x2  
  175  16:11  Planetary Fortress  
  168  16:12  Widow Mine  
  168  16:17  Starport  
  168  16:18  Viking, Starport  
  170  16:32  Viking x3  
  170  16:34  Viking  
  170  16:39  Barracks Tech Lab  
  160  16:48  Viking  
  125  17:02  Viking x3  
  125  17:04  Viking  
  125  17:05  Widow Mine x2, Marine x5, Marauder x2  
  125  17:06  Marauder  
  134  17:18  Viking  
  99  17:32  Viking x2, Medivac  
  99  17:34  Medivac  
  103  17:41  Marine x3, Marauder  
  100  17:46  Marine  
  100  17:49  Marine  
Show
View Real Time Build Order
Export as new Build Order

Ragnarok Zerg - Winner!

Build Orders: Hatch First, Brood Lord Corruptor 

Get SALT Encoding   

  12  0:00  Drone  
  13  0:13  Overlord  
  13  0:18  Drone  
  14  0:31  Drone x2  
  16  0:49  Hatchery  
  15  0:53  Drone  
  15  0:56  Drone  
  17  1:00  Drone  
  18  1:11  Extractor  
  17  1:16  Spawning Pool  
  16  1:19  Drone  
  16  1:23  Drone  
  18  1:28  Drone  
  19  1:39  Drone  
  20  1:57  Drone  
  21  2:02  Queen x2  
  21  2:03  Zergling x4  
  27  2:18  Hatchery  
  26  2:23  Overlord  
  26  2:28  Drone x2  
  28  2:35  Metabolic Boost  
  28  2:44  Queen  
  28  2:47  Drone  
  28  2:49  Drone  
  32  2:56  Drone x3  
  35  3:02  Overlord  
  35  3:04  Drone  
  36  3:09  Overlord  
  36  3:19  Queen  
  36  3:21  Drone x2  
  36  3:22  Drone  
  36  3:23  Drone  
  42  3:28  Queen  
  42  3:32  Drone  
  45  3:35  Drone  
  45  3:36  Drone  
  45  3:40  Drone  
  48  3:43  Queen  
  48  3:47  Zergling x2  
  48  3:48  Zergling x2  
  52  3:49  Zergling x2  
  52  3:54  Zergling x4  
  52  3:55  Zergling x2  
  56  4:00  Zergling x2  
  56  4:02  Evolution Chamber  
  53  4:09  Drone  
  50  4:10  Drone x4  
  50  4:14  Overlord  
  53  4:28  Overlord x2  
  53  4:32  Drone  
  53  4:34  Drone x3  
  56  4:40  Drone  
  56  4:42  Overlord  
  56  4:43  Spore Crawler  
  56  4:44  Spore Crawler  
  55  4:46  Queen  
  55  4:48  Zergling x2  
  55  4:50  Drone  
  59  4:53  Drone x2  
  59  4:56  Drone  
  59  4:57  Drone  
  59  4:58  Drone  
  64  5:02  Lair  
  64  5:04  Drone  
  65  5:08  Baneling Nest  
  65  5:09  Spore Crawler  
  65  5:11  Zergling x2  
  65  5:14  Zergling x4  
  63  5:22  Drone x2  
  63  5:23  Drone, Overlord  
  63  5:27  Drone  
  63  5:28  Drone  
  64  5:29  Drone  
  64  5:33  Drone  
  59  5:35  Drone  
  59  5:39  Drone  
  60  5:43  Drone x3  
  60  5:45  Drone  
  60  5:47  Drone  
  60  5:49  Drone  
  66  5:50  Drone  
  66  5:51  Drone  
  66  5:53  Drone  
  66  5:54  Drone  
  66  5:56  Drone  
  72  5:57  Drone  
  72  5:59  Overseer  
  72  6:01  Drone  
  73  6:05  Drone x3  
  73  6:07  Extractor x2  
  73  6:08  Extractor  
  73  6:09  Extractor  
  72  6:14  Evolution Chamber x2  
  72  6:17  Drone x2  
  72  6:18  Drone  
  73  6:20  Overlord  
  73  6:25  Drone x4  
  77  6:28  Zergling x2  
  77  6:29  Zergling x4  
  77  6:32  Zergling x2  
  81  6:33  Overlord x2  
  81  6:40  Centrifical Hooks  
  81  6:42  Drone x3  
  81  6:43  Zergling x4  
  86  6:49  Zerg Ground Armor Level 1  
  86  6:50  Overlord  
  86  6:56  Zerg Melee Weapons Level 1  
  86  6:58  Drone  
  86  6:59  Drone x4  
  91  7:02  Drone  
  91  7:07  Drone  
  93  7:09  Zergling x4  
  93  7:10  Zergling x8  
  99  7:15  Zergling x2  
  99  7:16  Zergling x4  
  99  7:20  Hydralisk Den  
  101  7:23  Overlord  
  101  7:26  Hatchery  
  100  7:30  Baneling x7  
  100  7:31  Baneling  
  96  7:39  Zergling x16  
  96  7:42  Overlord  
  102  7:49  Zergling x10  
  102  7:50  Zergling x2  
  108  7:52  Grooved Spines  
  108  7:53  Overlord  
  108  8:03  Zergling x12  
  114  8:05  Overlord  
  110  8:18  Hydralisk x3  
  112  8:21  Hydralisk x5, Overlord  
  122  8:27  Overlord  
  122  8:28  Hydralisk x2  
  122  8:29  Drone  
  127  8:35  Drone x2  
  127  8:40  Hydralisk x2  
  133  8:42  Overlord  
  133  8:48  Drone  
  133  8:49  Drone x3  
  133  8:51  Hydralisk, Zergling x2  
  136  8:57  Hydralisk  
  136  8:58  Hydralisk, Zergling x10  
  125  9:06  Hydralisk  
  125  9:07  Zergling x6  
  125  9:09  Drone x3  
  131  9:10  Muscular Augments  
  131  9:15  Zerg Melee Weapons Level 2  
  131  9:16  Zerg Ground Armor Level 2  
  128  9:19  Queen  
  128  9:23  Drone x3  
  128  9:24  Overseer  
  128  9:28  Extractor  
  128  9:29  Drone x2  
  129  9:32  Infestation Pit  
  129  9:33  Zergling x8  
  129  9:36  Queen  
  134  9:39  Drone x3  
  134  9:42  Baneling x2  
  134  9:43  Baneling x2  
  137  9:50  Hydralisk, Zergling x4  
  137  9:51  Zergling x8  
  140  10:00  Zergling x20  
  140  10:06  Zergling x2  
  140  10:07  Zergling x6  
  153  10:11  Hive, Zergling x6  
  149  10:18  Drone x3  
  149  10:20  Extractor  
  151  10:23  Overlord  
  151  10:24  Spire, Overlord  
  151  10:25  Overlord  
  150  10:31  Drone  
  150  10:32  Overlord  
  150  10:34  Spore Crawler  
  149  10:38  Baneling x8  
  149  10:39  Drone x3, Overlord  
  149  10:41  Pneumatized Carapace  
  149  10:42  Drone x2, Hydralisk  
  154  10:43  Zergling x4  
  154  10:45  Baneling x4  
  154  10:48  Zergling x4  
  160  10:54  Zergling x2  
  160  10:55  Zergling x14  
  167  10:58  Overseer  
  167  11:04  Drone x4  
  155  11:08  Drone x6  
  155  11:09  Drone  
  162  11:11  Baneling x5  
  162  11:16  Drone  
  163  11:24  Extractor  
  160  11:26  Zergling x14  
  153  11:36  Greater Spire  
  153  11:38  Drone  
  154  11:41  Hatchery  
  153  11:49  Corruptor x6  
  153  11:53  Corruptor  
  167  11:57  Baneling x4  
  167  11:59  Drone  
  167  12:02  Zergling x12  
  167  12:07  Zerg Melee Weapons Level 3  
  172  12:16  Hydralisk  
  172  12:17  Zergling x14  
  178  12:26  Zerg Ground Armor Level 3  
  162  12:44  Hatchery  
  162  12:48  Drone  
  161  12:54  Hydralisk Den  
  161  12:58  Zergling x6  
  161  13:01  Brood Lord x6  
  161  13:03  Brood Lord  
  161  13:04  Zergling x2  
  161  13:05  Zergling x24  
  188  13:11  Baneling  
  185  13:14  Zergling x14  
  185  13:15  Zergling x4  
  172  13:21  Zergling x10  
  172  13:25  Zergling x2  
  172  13:26  Zergling x6  
  165  13:28  Zergling x8  
  165  13:31  Hydralisk x2  
  161  13:35  Zergling x2  
  161  13:37  Hydralisk  
  161  13:40  Hydralisk x2  
  153  13:44  Queen  
  153  13:45  Queen  
  150  13:50  Hydralisk x2  
  150  13:53  Baneling x11  
  148  13:58  Zergling x2  
  148  13:59  Zergling x4  
  148  14:03  Hydralisk, Zergling x4  
  148  14:04  Zergling x2  
  148  14:08  Hydralisk x2  
  154  14:14  Zergling x2  
  154  14:15  Zergling x14  
  162  14:21  Hydralisk, Zergling x6  
  163  14:31  Corruptor x4  
  163  14:36  Corruptor  
  163  14:37  Corruptor  
  175  14:42  Viper x2  
  181  14:50  Drone x2  
  183  14:56  Corruptor x2  
  183  14:57  Corruptor  
  183  14:59  Overlord  
  184  15:01  Drone  
  184  15:04  Hatchery  
  175  15:08  Drone x4  
  175  15:11  Corruptor x2  
  171  15:19  Hydralisk  
  171  15:20  Zergling x18  
  170  15:33  Drone x2  
  172  15:39  Brood Lord  
  172  15:40  Brood Lord x2  
  172  15:42  Overlord  
  178  15:44  Drone x2  
  178  15:45  Drone x2, Extractor  
  178  15:46  Extractor, Brood Lord  
  182  15:53  Brood Lord  
  182  15:56  Zergling x20  
  182  15:57  Zergling x4  
  192  16:07  Hatchery  
  192  16:09  Brood Lord x2  
  192  16:11  Zergling x8  
  198  16:19  Zergling x2  
  198  16:20  Zergling x2  
  198  16:22  Baneling x12  
  198  16:28  Zergling x2  
  198  16:29  Zergling x4  
  199  16:38  Zergling x2  
  199  16:39  Zergling x6  
  192  16:48  Hydralisk x4  
  192  16:49  Hydralisk  
  192  16:50  Hatchery, Zergling x2  
  192  16:51  Zergling x2  
  192  16:52  Zergling x2  
  192  16:53  Zergling x2  
  182  16:55  Zergling x2  
  182  16:56  Zergling x2  
  182  16:57  Zergling x2  
  182  16:58  Overseer  
  182  16:59  Overseer  
  185  17:01  Zergling x2  
  185  17:02  Zergling x4  
  185  17:04  Zergling x2  
  185  17:05  Zergling x2  
  185  17:06  Zergling x2  
  190  17:08  Baneling x3  
  190  17:14  Drone  
  190  17:15  Ultralisk Cavern  
  187  17:20  Zergling x8  
  187  17:21  Zergling x2  
  187  17:22  Zergling x2  
  174  17:27  Zergling x6  
  167  17:37  Hydralisk  
  167  17:38  Hydralisk x3  
  167  17:40  Baneling x4  
  167  17:41  Baneling x6  
  167  17:43  Zergling x2  
  173  17:45  Zergling x2  
  173  17:49  Drone  
  173  17:50  Drone, Zergling x4  

Tags
 
Add a new tag
Caveats
  • Supply blocks, unpowered buildings, or Contaminate may cause inaccurate times.
  • Supply counts are checked every 10 seconds.